 Dungeon Crawl Stone Soup version 0.30-a0-845-g7c6808c8ce (webtiles) character file.

Game seed: 3343619550026720477

142 porpoise the Sneak (level 5, -3/37 HPs)
             Began as a Gnoll Enchanter on Mar 3, 2023.
             Slain by a mummy (8 damage)
             ... in an ossuary.
             The game lasted 00:13:30 (3133 turns).

porpoise the Sneak (Gnoll Enchanter)                Turns: 3133, Time: 00:13:30

Health: -3/37      AC:  5    Str:  7    XL:     5   Next: 25%
Magic:  4/12       EV: 14    Int: 20    God:
Gold:   1340       SH:  0    Dex: 15    Spells: 6/14 levels left

rFire   . . .      SeeInvis .    w - +1 dagger (flame)
rCold   + . .      Faith    .    (no shield)
rNeg    . . .      Spirit   .    b - +0 robe
rPois   .          Reflect  .    (no helmet)
rElec   .          Rampage  .    n - +0 cloak
rCorr   .                        (no gloves)
Will    .....                    d - +1 pair of boots
Stlth   +++                      (no amulet)
HPRegen 0.26/turn                c - ring "Uco Omm" {rC+ Int+3 Dex+3}
MPRegen 0.13/turn                (no ring)

@: no status effects
A: fangs 1, strong nose, distributed training
a: no special abilities


You were in an ossuary.
You visited 1 branch of the dungeon, and saw 4 of its levels.
You also visited: Ossuary.

You collected 1340 gold pieces.

Inventory:

Hand Weapons
 a - a +0 dagger of venom
 g - a +1 dagger
 w - a +1 dagger of flaming (weapon)
 x - a +2 dagger of freezing
Missiles
 j - 4 curare-tipped darts (quivered)
Armour
 b - a +0 robe (worn)
 d - a +1 pair of boots (worn)
 n - a +0 cloak (worn)
Jewellery
 c - the ring "Uco Omm" (left hand) {rC+ Int+3 Dex+3}
   (You acquired it on level 3 of the Dungeon)

   [ring of protection from cold]

   Int:       It affects your intelligence (+3).
   Dex:       It affects your dexterity (+3).
   rC:        It protects you from cold.
 v - a ring of flight
Scrolls
 m - 2 scrolls of noise
Potions
 e - a potion of mutation
 l - 2 potions of curing
 o - a potion of cancellation {unknown}
 p - a potion of heal wounds {unknown}
 s - a potion of lignification {unknown}
 u - a potion of invisibility


   Skills:
 + Level 1.4 Fighting
 + Level 3.0 Short Blades
 + Level 1.4 Long Blades
 + Level 1.4 Axes
 + Level 1.4 Maces & Flails
 + Level 1.4 Polearms
 + Level 1.4 Staves
 + Level 1.4 Ranged Weapons
 + Level 1.4 Throwing
 + Level 1.4 Armour
 + Level 4.8 Dodging
 + Level 6.1 Stealth
 + Level 1.4 Shields
 + Level 1.4 Unarmed Combat
 + Level 5.2 Spellcasting
 + Level 1.1 Conjurations
 + Level 5.5 Hexes
 + Level 1.1 Summonings
 + Level 1.1 Necromancy
 + Level 1.1 Translocations
 + Level 1.1 Transmutations
 + Level 1.1 Fire Magic
 + Level 1.1 Ice Magic
 + Level 1.1 Air Magic
 + Level 1.1 Earth Magic
 + Level 1.1 Poison Magic
 + Level 1.6 Invocations
 + Level 1.4 Evocations


You had 6 spell levels left.
You knew the following spells:

 Your Spells              Type           Power      Damage    Failure   Level
a - Confusing Touch       Hex            27%        N/A       3%          3
e - Ensorcelled Hibernat  Hex/Ice        36%        N/A       4%          2
t - Tukima's Dance        Hex            27%        N/A       3%          3

Your spell library contained the following spells:

 Spells                   Type           Power      Damage    Failure   Level
 Dazzling Flash           Conj/Hex       36%        N/A       9%          3
 Scorch                   Fire           18%        2d5       11%         2
 Flame Wave               Conj/Fire      9%         2d6       56%         4
 Summon Cactus Giant      Summ           4%         N/A       100%        6


Dungeon Overview and Level Annotations

Branches:
Dungeon (4/15)            Ossuary (1/1)
 Temple: D:4-7

Altars:
Elyvilon
Kikubaaqudgha

Shops:
D:1 ?

Portals:
Abyss: D:3

Annotations:
D:3 2 transporters, Jeffwins's ghost, amateur HuWn


Innate Abilities, Weirdness & Mutations

You have very sharp teeth.
Your uncanny sense of smell can sniff out nearby items.
Your experience applies equally to all skills.


Message History

The hobgoblin zombie barely misses you.
You hit the hobgoblin zombie. You burn the hobgoblin zombie.
The hobgoblin zombie is almost destroyed.
The hobgoblin zombie completely misses you.
You hit the hobgoblin zombie. You burn the hobgoblin zombie.
You destroy the hobgoblin zombie! 2 mummies and a kobold zombie come into view.
Casting: Confusing Touch (dangerous; 3% risk of failure)
Confirm with . or Enter, or press ? or * to list all spells.
Your hands begin to glow red.
You hit the kobold zombie but do no damage.
The kobold zombie appears confused.
You bite the kobold zombie, but do no damage.
Casting: Confusing Touch (dangerous; 3% risk of failure)
Confirm with . or Enter, or press ? or * to list all spells.
Your hands begin to glow red.
The kobold zombie hits the mummy.
The mummy hits you! The mummy misses you.
You hit the mummy but do no damage. You bite the mummy, but do no damage.
The mummy is lightly damaged.
The kobold zombie hits you.
You hit the mummy but do no damage.
The mummy appears confused.
The mummy is lightly damaged.
The mummy hits you.
Casting: Confusing Touch (dangerous; 3% risk of failure)
Confirm with . or Enter, or press ? or * to list all spells.
Your hands begin to glow red.
The kobold zombie hits you.
You hit the mummy but do no damage.
The mummy appears confused.
The kobold zombie hits you but does no damage.
The mummy hits you!
* * * LOW HITPOINT WARNING * * *
You catch the helpless mummy completely off-guard!
You impale the mummy!! You burn the mummy.
You destroy the mummy!
The kobold zombie closely misses you.
Your Short Blades skill increases to level 3!
You hit the kobold zombie. You burn the kobold zombie.
The kobold zombie is moderately damaged.
The kobold zombie completely misses you.
The mummy hits you!
You die...

..........Z
.........
........
......
#....#
#...Z#
#....# ∆
#Z.M.#
#.@..# ∆∆
#..Z.# ∆ ∆
#....# ∆ ∆
#....# ∆ ∆∆
#.∩∩.# ∆
######


You could see a mummy (confused), a hobgoblin zombie and 2 kobold zombies.

Vanquished Creatures
  Terence (D:3)
  2 mummies
  An adder (D:2)
  3 gnolls (D:3)
  2 bats
  5 endoplasms
  2 giant cockroaches
  7 goblins
  4 hobgoblins
  2 jackals (D:1)
  4 quokkas
  3 ball pythons
  4 frilled lizards
  A hobgoblin zombie (Ossuary)
  7 kobolds
  5 rats
53 creatures vanquished.

Vanquished Creatures (others)
  A dancing weapon (D:3)
1 creature vanquished.

Grand Total: 54 creatures vanquished

Notes
Turn   | Place    | Note
-------+----------+-------------------------------------------
     0 | D:1      | porpoise the Gnoll Enchanter began the quest for the Orb.
     0 | D:1      | Reached XP level 1. HP: 13/13 MP: 6/6
   181 | D:1      | Reached XP level 2. HP: 17/19 MP: 7/7
   192 | D:1      | Learned a level 2 spell: Ensorcelled Hibernation
   199 | D:1      | Found Suit's Magic Scroll Emporium.
   603 | D:1      | HP: 1/20 [quokka (1)]
  1143 | D:2      | Found an ancient bone altar of Kikubaaqudgha.
  1172 | D:2      | Reached skill level 5 in Spellcasting
  1172 | D:2      | Reached XP level 3. HP: 24/25 MP: 7/9
  1176 | D:2      | Learned a level 3 spell: Confusing Touch
  1180 | D:2      | Learned a level 3 spell: Tukima's Dance
  1271 | D:2      | Reached skill level 6 in Stealth
  1271 | D:2      | Reached skill level 1 in Invocations
  1548 | D:2      | Reached skill level 1 in Fighting
  1548 | D:2      | Reached skill level 1 in Long Blades
  1548 | D:2      | Reached skill level 1 in Axes
  1548 | D:2      | Reached skill level 1 in Maces & Flails
  1548 | D:2      | Reached skill level 1 in Polearms
  1548 | D:2      | Reached skill level 1 in Staves
  1548 | D:2      | Reached skill level 1 in Ranged Weapons
  1548 | D:2      | Reached skill level 1 in Throwing
  1548 | D:2      | Reached skill level 1 in Armour
  1548 | D:2      | Reached skill level 1 in Shields
  1548 | D:2      | Reached skill level 1 in Unarmed Combat
  1548 | D:2      | Reached skill level 1 in Evocations
  1786 | D:3      | Identified 2 scrolls of acquirement
  1786 | D:3      | Acquired the ring "Uco Omm" {rC+ Int+3 Dex+3}
  1789 | D:3      | Acquired 1171 gold pieces
  1893 | D:3      | Found a white marble altar of Elyvilon.
  1989 | D:3      | Noticed a small abomination
  2059 | D:3      | Noticed a small abomination
  2062 | D:3      | Found a transporter.
  2069 | D:3      | Found a transporter.
  2090 | D:3      | Noticed a toenail golem
  2096 | D:3      | Found a one-way gate to the infinite horrors of the Abyss.
  2096 | D:3      | Noticed Jeffwins's ghost (amateur HuWn)
  2127 | D:3      | Reached XP level 4. HP: 12/32 MP: 8/11
  2168 | D:3      | Reached skill level 1 in Conjurations
  2168 | D:3      | Reached skill level 1 in Summonings
  2168 | D:3      | Reached skill level 1 in Necromancy
  2168 | D:3      | Reached skill level 1 in Translocations
  2168 | D:3      | Reached skill level 1 in Transmutations
  2168 | D:3      | Reached skill level 1 in Fire Magic
  2168 | D:3      | Reached skill level 1 in Ice Magic
  2168 | D:3      | Reached skill level 1 in Air Magic
  2168 | D:3      | Reached skill level 1 in Earth Magic
  2168 | D:3      | Reached skill level 1 in Poison Magic
  2285 | D:3      | Noticed Terence
  2292 | D:3      | Killed Terence
  2413 | D:3      | Found a faded altar of an unknown god.
  2544 | D:3      | Reached XP level 5. HP: 37/37 MP: 12/12
  2987 | D:4      | Found a sand-covered staircase.
  3094 | Ossuary  | Entered an ossuary
  3133 | Ossuary  | Slain by a mummy

Illustrated notes

Levels and vault maps discovered:
D:1:      dpeg_arrival_round_c, layout_basic, serial_shops, nicolae_diamond_shop
D:2:      layout_loops_ring, basic_altar
D:3:      layout_basic, marbit_many_paths,
          shapermc_ecumenical_altar_mp_vishouse, gammafunk_ghost_abyssal_escape,
          st_stairs_8, uniq_terence
D:4:      layout_gridville, tgw_trog, nicolae_overflow_crystal_walls,
          mainiacjoe_overflow_concentric_impassable, gup_ossuary_entry_pyramid,
          serial_bayou_pond_a, uniq_eustachio, uniq_pikel, uniq_ijyb
Ossuary:  ossuary_tomb_3

Skill      XL: |  1  2  3  4  5 |
---------------+----------------+-----
Spellcasting   | 5 |  5.2
Stealth        | 6 |  6.1
Invocations    | 1 |  1.6
Fighting       | 1 |  1.4
Long Blades    | 1 |  1.4
Axes           | 1 |  1.4
Maces & Flails | 1 |  1.4
Polearms       | 1 |  1.4
Staves         | 1 |  1.4
Ranged Weapons | 1 |  1.4
Throwing       | 1 |  1.4
Armour         | 1 |  1.4
Shields        | 1 |  1.4
Unarmed Combat | 1 |  1.4
Evocations     | 1 |  1.4
Conjurations   | 1 |  1.1
Summonings     | 1 |  1.1
Necromancy     | 1 |  1.1
Translocations | 1 |  1.1
Transmutations | 1 |  1.1
Fire Magic     | 1 |  1.1
Ice Magic      | 1 |  1.1
Air Magic      | 1 |  1.1
Earth Magic    | 1 |  1.1
Poison Magic   | 1 |  1.1
Short Blades   | 3 |  3.0
Dodging        | |  4.8
Hexes          | |  5.5

Action                     |  1- 3 |  4- 6 || total
---------------------------+-------+-------++-------
  Melee: Dagger            |   139 |    48 ||   187
         Bite              |    10 |    10 ||    20
   Cast: Ensorcelled Hiber |    13 |     2 ||    15
         Tukima's Dance    |       |     3 ||     3
         Confusing Touch   |       |     4 ||     4
    Use: Scroll            |     3 |     8 ||    11
         Potion            |       |     1 ||     1
   Stab: Sleeping          |    16 |     3 ||    19
         Invisible         |       |     1 ||     1
         Confused          |       |     2 ||     2
 Armour: Robe              |    23 |     3 ||    26
  Dodge: Dodged            |    88 |    27 ||   115

Table legend: (Time is in decaauts)
 A = Elapsed time spent in this place.
 B = Non-inter-level travel time spent in this place.
 C = Inter-level travel time spent in this place.
 D = Time resting spent in this place.
 E = Time spent auto-exploring this place.
 F = Levels seen in this place.
 G = Mean time per level.
                   A        B        C        D        E       F      G
               +--------+--------+--------+--------+--------+-----+--------+
         Total |   3106 |   3025 |     81 |    554 |   1736 |   5 |  621.2 |
       Dungeon |   3069 |   2988 |     81 |    554 |   1736 |   4 |  767.2 |
       Ossuary |     37 |     37 |      0 |      0 |      0 |   1 |   37.0 |
               +--------+--------+--------+--------+--------+-----+--------+

Top non-repeatable levels by time:
     D:3: 1183 daAuts
     D:1: 1022 daAuts
     D:2: 703 daAuts
     D:4: 160 daAuts
 Ossuary: 37 daAuts
